 Dungeon Crawl Stone Soup version 0.31-a0-521-gc7390f8997 (webtiles) character file.

Game seed: 766771553651233018

3531 randomguy2701 the Thaumaturge (level 9, 0/46 HPs)
             Began as a Deep Elf Necromancer on Aug 10, 2023.
             Slain by a wolf (9 damage)
             ... led by Grum
             ... on level 8 of the Dungeon.
             The game lasted 00:30:29 (9710 turns).

randomguy2701 the Thaumaturge (DENe)                Turns: 9710, Time: 00:30:29

Health: 0/46       AC:  6    Str:  5    XL:     9   Next: 82%
Magic:  19/27      EV: 13    Int: 25    God:
Gold:   470        SH:  0    Dex: 15    Spells: 25/32 levels left

rFire   . . .        z - staff of cold
rCold   + . .        (no shield)
rNeg    . . .        a - +0 robe
rPois   .            (no helmet)
rElec   .            F - scarf {+Inv}
rCorr   .            (no gloves)
SInv    .            (no boots)
Will    .....        (no amulet)
Stlth   ++           d - +4 ring of protection
HPRegen 0.27/turn    I - ring of flight
MPRegen 0.20/turn

%: no passive effects
@: flying
A: no striking features
a: Evoke Invisibility


You were on level 8 of the Dungeon.
You visited 2 branches of the dungeon, and saw 9 of its levels.
You also visited: Sewer.

You collected 470 gold pieces.

Inventory:

Hand Weapons
 G - a +0 orcbow
Armour
 a - a +0 robe (worn)
 F - a scarf of invisibility (worn)
Magical Staves
 o - a staff of air
 z - a staff of cold (weapon)
Jewellery
 d - a +4 ring of protection (left hand)
 I - a ring of flight (right hand)
 L - a ring of poison resistance
Wands
 l - a wand of mindburst (19)
 u - a wand of polymorph (22)
Scrolls
 c - 2 scrolls of revelation {unknown}
 e - 3 scrolls of identify
 f - a scroll of vulnerability {unknown}
 j - 3 scrolls of teleportation {unknown}
 k - a scroll of immolation {unknown}
 m - a scroll of enchant armour {unknown}
 q - 2 scrolls of amnesia {unknown}
 r - 2 scrolls of torment {unknown}
 t - a scroll of blinking {unknown}
 y - 3 scrolls of fear {unknown}
 C - 3 scrolls of enchant weapon {unknown}
 D - a scroll of fog {unknown}
 E - a scroll of summoning {unknown}
 K - a scroll of noise {unknown}
Potions
 b - 2 potions of magic
 g - 2 potions of enlightenment
 h - a potion of degeneration
 i - a potion of invisibility {unknown}
 n - 3 potions of attraction
 p - a potion of might
 s - 4 potions of curing
 v - 2 potions of cancellation
 w - 2 potions of heal wounds
 x - 2 potions of mutation {unknown}
 A - 2 potions of berserk rage
 B - 3 potions of resistance {unknown}
 H - a potion of brilliance {unknown}
 J - a potion of haste {unknown}


   Skills:
 - Level 0.6 Fighting
 + Level 0.7 Staves
 + Level 0.5 Ranged Weapons
 + Level 3.9 Dodging
 + Level 3.4 Stealth
 + Level 12.1 Spellcasting
 + Level 11.6 Necromancy
 * Level 5.0 Ice Magic


You had 25 spell levels left.
You knew the following spells:

 Your Spells              Type           Power      Damage    Failure   Level
a - Necrotise             Necr           100%       1d9       1%          1
b - Vampiric Draining     Necr           65%        2d10      1%          3
c - Ozocubu's Armour      Ice            57%        N/A       1%          3

Your spell library contained the following spells:

 Spells                   Type           Power      Damage    Failure   Level
 Animate Dead             Necr           65%        N/A       1%          4
 Agony                    Necr           65%        N/A       1%          5
 Passwall                 Tmut/Erth      12%        N/A       6%          2
 Wereblood                Tmut           15%        N/A       6%          2
 Stone Arrow              Conj/Erth      30%        3d8       12%         3
 Animate Armour           Summ/Erth      30%        N/A       36%         4
 Irradiate                Conj/Tmut      7%         3d14      73%         5
 Borgnjor's Revivificati  Necr           32%        N/A       91%         8
 Haunt                    Necr/Summ      22%        N/A       97%         7
 Eringya's Noxious Bog    Tmut/Pois      7%         4d6       99%         6
 Ozocubu's Refrigeration  Ice            28%        4d13      99%         7
 Lehudib's Crystal Spear  Conj/Erth      7%         10d3      100%        8
 Death's Door             Necr           32%        N/A       100%        9


Dungeon Overview and Level Annotations

Branches:
Dungeon (8/15)             Temple (1/1) D:7           Sewer (visited)
   Lair: D:8-11

Altars:
Ashenzari
Cheibriados
Dithmenos
Fedhas
Gozag
Kikubaaqudgha
Makhleb
Nemelex Xobeh
Okawaru
Qazlal
Ru
Uskayaw
Vehumet
Wu Jian
Xom
Yredelemnul
Zin
The Shining One

Annotations:
D:4 Eustachio
D:8 Grum


Message History

Grum and a wolf come into view.
Found 10 gold pieces.
Grum growls angrily.
The wolf howls!
You hear a howl!
A wolf comes into view.
There are monsters nearby!
The wolf barely resists.
The wolf writhes in agony!
The wolf writhes in agony.
The wolf bites you!
An orc warrior comes into view. It is wielding a +0 trident.
The wolf writhes in agony!
The orc warrior shouts!
The wolf bites you. The wolf bites you but does no damage. The wolf misses you.
The wolf bites you but does no damage.
The wolf writhes in agony.
The wolf barely misses you. The wolf bites you! Grum barely misses you.
The wolf writhes in agony!
You kill the wolf!
The dead are walking!
The wolf bites you! The wolf bites you.
* * * LOW HITPOINT WARNING * * *
Grum misses you.
Your Ice Magic skill increases to level 5!
Unknown command.
Casting: Necrotise (safe; 1% risk of failure)
Confirm with . or Enter, or press ? or * to list all spells.
Aiming: Vampiric Draining (safe; 1% risk of failure)
Press: ? - help, Shift-Dir - straight line, f - wolf
Aim: a wolf (ally target)
You draw life force from the wolf!
You feel life coursing into your body. The wolf bites you but does no damage.
The wolf bites you.
* * * LOW HITPOINT WARNING * * *
Grum hits you from afar with a +1 spear.
* * * LOW HITPOINT WARNING * * *
Casting: Vampiric Draining (safe; 1% risk of failure)
Confirm with . or Enter, or press ? or * to list all spells.
Okay, then.
Your wolf skeleton barely misses the wolf.
Grum hits your wolf skeleton with a +1 spear!
Okay, then.
The wolf attacks as you move away! The wolf misses you. The wolf bites you!
You die...

⌠###8###8#..#.........
#....................
#...................
##..####...#........
8..####...#........
#..#......#........
#..#......#........
##..#......##.......
#8........@.........
##.........h.......$
#......###..Z......
##...### ###og.....
#..## #...... #.##
#..... #.# ..... ###
#... ..#


You could see Grum (ally target), an orc warrior, a wolf and a friendly wolf
skeleton.

Vanquished Creatures
  A hornet (D:7)
  Sigmund (D:2)
  A steam dragon (D:7)
  A water moccasin (D:7)
  2 sky beasts (D:7)
  4 ice beasts
  3 black bears (D:6)
  2 ogres (D:5)
  A wolf (D:8)
  2 centaurs
  A kobold brigand (D:8)
  3 bullfrogs
  2 gnoll sergeants (D:6)
  A scorpion (D:6)
  An electric eel (D:6)
  3 jellies
  4 hounds
  3 iguanas
  Jessica (D:2)
  A sleepcap (D:6)
  Terence (D:2)
  2 orc wizards (D:7)
  25 gnolls
  12 adders
  7 river rats (Sewer)
  A white imp (D:5)
  5 worms
  A dart slug (D:4)
  15 orcs
  14 ball pythons
  3 bats
  10 endoplasms
  2 giant cockroaches (D:2)
  29 goblins
  23 hobgoblins
  10 jackals
  A quokka (D:2)
  8 frilled lizards
  9 kobolds
  13 rats
229 creatures vanquished.

Vanquished Creatures (collateral kills)
  A bullfrog (Sewer)
  A scorpion (D:6)
  4 gnolls (D:6)
  3 endoplasms
  A giant cockroach (D:1)
  7 goblins
  2 jackals
  5 ball pythons
  A frilled lizard (D:2)
  7 rats (Sewer)
32 creatures vanquished.

Grand Total: 261 creatures vanquished

Notes
Turn   | Place    | Note
-------+----------+-------------------------------------------
     0 | D:1      | randomguy2701 the Deep Elf Necromancer began the quest for
                  | the Orb.
     0 | D:1      | Reached XP level 1. HP: 10/10 MP: 6/6
     9 | D:1      | Reached skill level 5 in Necromancy
    52 | D:1      | Reached XP level 2. HP: 15/15 MP: 1/8
   299 | D:1      | Found a faded altar of an unknown god.
   684 | D:2      | Noticed Sigmund
   691 | D:2      | Killed Sigmund
   692 | D:2      | Reached skill level 5 in Spellcasting
   692 | D:2      | Reached XP level 3. HP: 5/19 MP: 3/11
   692 | D:2      | Reached XP level 4. HP: 7/24 MP: 3/13
   692 | D:2      | Reached XP level 5. HP: 8/28 MP: 3/14
   851 | D:2      | Found a basalt altar of Yredelemnul.
   991 | D:2      | You fall into a shaft and drop 2 floors!
   999 | D:4      | Noticed Eustachio
  1925 | D:5      | Entered Level 5 of the Dungeon
  1986 | D:3      | Reached skill level 6 in Spellcasting
  2050 | D:3      | Reached XP level 6. HP: 32/32 MP: 11/17
  2481 | D:3      | Found a sparkling altar of Nemelex Xobeh.
  3016 | D:2      | Noticed Terence
  3020 | D:2      | Killed Terence
  3022 | D:2      | Noticed Jessica
  3029 | D:2      | Killed Jessica
  3768 | D:4      | Learned a level 3 spell: Vampiric Draining
  4012 | D:5      | Reached skill level 7 in Spellcasting
  4012 | D:5      | Reached XP level 7. HP: 36/36 MP: 12/19
  4450 | D:5      | Reached skill level 8 in Spellcasting
  4566 | D:5      | Got the Notes on the Xenotype
  4840 | D:6      | Reached XP level 8. HP: 24/41 MP: 10/22
  4843 | D:6      | Reached skill level 1 in Ice Magic
  5019 | D:6      | Found a glowing drain.
  5079 | Sewer    | Entered a sewer
  5242 | Sewer    | Reached skill level 9 in Spellcasting
  6183 | D:6      | Reached skill level 10 in Necromancy
  6253 | D:6      | Reached skill level 10 in Spellcasting
  6569 | D:6      | Reached XP level 9. HP: 39/46 MP: 8/25
  6732 | D:6      | Found a broken altar of Ashenzari.
  6741 | D:6      | Found an ancient bone altar of Kikubaaqudgha.
  8342 | D:7      | Reached skill level 11 in Spellcasting
  8762 | D:7      | Found a staircase to the Ecumenical Temple.
  8780 | Temple   | Entered the Ecumenical Temple
  9497 | D:8      | Learned a level 3 spell: Ozocubu's Armour
  9546 | D:8      | Reached skill level 12 in Spellcasting
  9701 | D:8      | Noticed Grum
  9708 | D:8      | Reached skill level 5 in Ice Magic
  9710 | D:8      | Slain by a wolf

Illustrated notes

Levels and vault maps discovered:
D:1:      ebering_trefoil_3fold, layout_rooms,
          shapermc_ecumenical_altar_mp_vishouse, serial_bayou_lake_a
D:2:      layout_basic, basic_altar, minmay_misc_feat_pillars, uniq_jessica,
          uniq_sigmund, uniq_terence
D:3:      layout_basic, mainiacjoe_overflow_alcove_4
D:4:      layout_cave_pods, uniq_eustachio
D:5:      layout_basic
D:6:      minmay_goblin_kobold_castle, layout_rooms, mainiacjoe_overflow_swirl,
          cheibrodos_sewer_entry_drain, minivault_22
D:7:      layout_basic, minmay_temple_entry_ruins, hangedman_decor_slide_cut
D:8:      layout_basic, mainiacjoe_overflow_brackets,
          mainiacjoe_overflow_large_starburst, kennysheep_orc_sif_temple,
          dpeg_oklobed_lair, serial_corexii_hall,
          chequers_hall_statues_corner_a, chequers_hall_statues_y,
          corexii_hall_statues_i, corexii_hall_statues_i,
          nicolae_elevator_lobby_plus, uniq_grum
Temple:   eino_temple_lava

Skill      XL: |  1  2  3  4  5  6  7  8  9 |
---------------+----------------------------+-----
Necromancy     | 5 6 7 8 9 10 11 | 11.6
Spellcasting   | 5 6 7 8 10 12 | 12.1
Stealth        | 3 |  3.4
Ice Magic      | 3 5 |  5.0
Dodging        | 3 |  3.9
Fighting       | |  0.6
Staves         | |  0.7
Ranged Weapons | |  0.5

Action                     |  1- 3 |  4- 6 |  7- 9 || total
---------------------------+-------+-------+-------++-------
  Melee: Unarmed           |     1 |     2 |       ||     3
         Staff             |       |       |    19 ||    19
   Fire: Orcbow            |       |       |    22 ||    22
   Cast: Necrotise         |    33 |   122 |   381 ||   536
         Vampiric Draining |       |       |    37 ||    37
    Use: Scroll            |       |       |     8 ||     8
         Potion            |       |       |     2 ||     2
 Armour: Robe              |     2 |    13 |    88 ||   103
  Dodge: Dodged            |    10 |    30 |   239 ||   279

Table legend: (Time is in decaauts)
 A = Elapsed time spent in this place.
 B = Non-inter-level travel time spent in this place.
 C = Inter-level travel time spent in this place.
 D = Time resting spent in this place.
 E = Time spent auto-exploring this place.
 F = Levels seen in this place.
 G = Mean time per level.
                   A        B        C        D        E       F      G
               +--------+--------+--------+--------+--------+-----+--------+
         Total |   9810 |   8964 |    846 |    167 |   7296 |  10 |  981.0 |
       Dungeon |   9159 |   8317 |    842 |    167 |   6813 |   8 | 1144.9 |
        Temple |     66 |     62 |      4 |      0 |     53 |   1 |   66.0 |
         Sewer |    583 |    583 |      0 |      0 |    429 |   1 |  583.0 |
               +--------+--------+--------+--------+--------+-----+--------+

Top non-repeatable levels by time:
     D:6: 2225 daAuts
     D:5: 1612 daAuts
     D:4: 1179 daAuts
     D:7: 1107 daAuts
     D:2: 1077 daAuts
     D:3: 984 daAuts
     D:1: 754 daAuts
   Sewer: 583 daAuts
     D:8: 217 daAuts
  Temple: 66 daAuts
